 Dungeon Crawl Stone Soup version 0.29.1-12-g30fa7ad0bf (webtiles) character file.

Game seed: 7623596585085353327

2669 raph the Summoner (level 9, 0/52 HPs)
             Began as a Deep Elf Summoner on Dec 31, 2022.
             Was an Initiate of Gozag.
             Shot with a bolt by an orc warrior (21 damage)
             ... on level 7 of the Dungeon.
             The game lasted 00:18:39 (9011 turns).

raph the Summoner (Deep Elf Summoner)               Turns: 9011, Time: 00:18:39

Health: 0/52       AC:  9    Str: 14    XL:     9   Next: 37%
Magic:  17/22      EV: 18    Int: 25    God:    Gozag
Gold:   840        SH:  0    Dex: 15    Spells: 6/22 levels left

rFire   . . .      SeeInvis +   b - +4 shortbow "Foskeg" {flame, rElec rPois SInv}
rCold   . . .      Faith    .   (shield currently unavailable)
rNeg    . . .      Spirit   .   r - +2 leather armour "Atrej" {+Inv Str+6}
rPois   +          Reflect  .   B - +2 hat
rElec   +          Harm     .   v - +0 cloak
rCorr   .          Rampage  .   (no gloves)
Will    .....                   t - +0 pair of boots
Stlth   ++........              (no amulet)
HPRegen 0.17/turn               g - ring of wizardry
MPRegen 0.18/turn               C - ring of Egevvyt {Contam rPois EV+4 Str+3}

@: no status effects
A: no striking features
a: Renounce Religion, Evoke Invisibility, Potion Petition, Call Merchant, Bribe
Branch


You were on level 7 of the Dungeon.
You worshipped Gozag.
Gozag was pleased with you.
You visited 2 branches of the dungeon, and saw 8 of its levels.
You also visited: Sewer.

You collected 1102 gold pieces.
You spent 208 gold pieces at shops.
You paid 54 gold pieces to Gozag.

Inventory:

Hand Weapons
 a - a +2 dagger of venom
 b - the +4 shortbow "Foskeg" (weapon) {flame, rElec rPois SInv}
   (You bought it in a shop on level 4 of the Dungeon)

   Any ammunition fired from it burns those it strikes, dealing additional fire
   damage.
   rElec:     It insulates you from electricity.
   rPois:     It protects you from poison.
   SInv:      It lets you see invisible.
 e - a +1 short sword
Missiles
 h - 14 poisoned darts
Armour
 o - a +0 leather armour of cold resistance
 r - the +2 leather armour "Atrej" (worn) {+Inv Str+6}
   (You found it on level 2 of the Dungeon)

   Str:       It affects your strength (+6).
   +Inv:      It lets you turn invisible.
 t - a +0 pair of boots (worn)
 u - a +0 helmet
 v - a +0 cloak (worn)
 B - a +2 hat (worn)
 D - +0 fire dragon scales
Jewellery
 g - a ring of wizardry (left hand)
 i - a +4 ring of slaying
 l - a ring of ice
 p - a ring of fire
 C - the ring of Egevvyt (right hand) {Contam rPois EV+4 Str+3}
   (You acquired it on level 6 of the Dungeon)

   [ring of evasion]

   EV:        It affects your evasion (+4).
   Str:       It affects your strength (+3).
   rPois:     It protects you from poison.
   Contam:    It causes magical contamination when unequipped.
Wands
 z - a wand of polymorph (5)
Scrolls
 w - 3 scrolls of fear
 A - 5 scrolls of teleportation
Potions
 c - a potion of degeneration
 d - 4 potions of might
 f - 2 potions of curing
 j - 3 potions of mutation
 k - 2 potions of flight
 m - a potion of haste {unknown}
 n - 3 potions of heal wounds {unknown}
 q - 4 potions of invisibility
 s - a potion of attraction {unknown}
 x - 4 potions of lignification
 y - 2 potions of magic


   Skills:
 + Level 4.1 Fighting
 + Level 3.5 Ranged Weapons
 + Level 6.7 Dodging
 - Level 2.4 Stealth
 + Level 7.4 Spellcasting
 * Level 9.3 Summonings
 + Level 4.0 Air Magic


You had 6 spell levels left.
You knew the following spells:

 Your Spells              Type           Power      Damage    Failure   Level
a - Summon Small Mammal   Summ           100%       N/A       1%          1
b - Call Imp              Summ           54%        N/A       1%          2
c - Call Canine Familiar  Summ           54%        N/A       1%          3
d - Summon Guardian Gole  Hex/Summ       32%        N/A       1%          3
e - Summon Lightning Spi  Summ/Air       42%        N/A       2%          4
f - Mephitic Cloud        Conj/Pois/Air  16%        N/A       6%          3

Your spell library contained the following spells:

 Spells                   Type           Power      Damage    Failure   Level
 Apportation              Tloc           18%        N/A       3%          1
 Necrotise                Necr           36%        1d5       3%          1
 Ignite Poison            Fire/Tmut/Pois 9%         N/A       10%         3
 Freezing Cloud           Conj/Ice/Air   8%         6-21      45%         5


Dungeon Overview and Level Annotations

Branches:
Dungeon (7/15)             Temple (1/1) D:4           Sewer (visited)

Altars:
Cheibriados
Dithmenos
Elyvilon
Gozag
Hepliaklqana
Kikubaaqudgha
Nemelex Xobeh
Okawaru
Qazlal
Ru
Trog
Vehumet
Wu Jian
Xom
Yredelemnul
Zin

Shops:
D:2 (   D:4 (


Message History

a +0 mace; a +0 robe Your butterfly disappears in a burst of colours!
You now have 840 gold pieces (gained 9).
Items here: )) [[.
Your butterfly disappears in a burst of colours!
You start resting.
Your iron imp disappears in a puff of smoke!
An orc comes into view. It is wielding a +0 hand axe.
An orc is nearby!
Fire: b) +4 shortbow "Foskeg" {flame, rElec rPois SInv}
Press: ? - help, Q - select action, (/) - cycle Shift-Dir - straight line, f - orc
Aim: an orc, wielding a +0 hand axe (wandering, hasn't noticed you, 66% to hit)
You shoot an arrow. The orc shouts!
The arrow hits the orc.
The arrow burns the orc.
You kill the orc!
You start resting.
You are no longer corroded.
You start resting.
An orc warrior is nearby!
Items here: )) [[.
Things that are here:
a +0 mace; a +0 robe You start resting.
An orc warrior is nearby!
Casting: Call Imp (safe; 1% risk of failure)
Confirm with . or Enter, or press ? or * to list all spells.
The orc warrior shoots a bolt.
The bolt closely misses you.
Casting: Call Canine Familiar (safe; 1% risk of failure)
Confirm with . or Enter, or press ? or * to list all spells.
A beastly little devil appears in a puff of frigid air.
The orc warrior shoots a bolt.
The bolt misses you.
You shoot an arrow.
The arrow barely misses the orc warrior.
The orc warrior shoots a bolt.
The bolt hits you!
Your white imp gestures at the orc warrior.
The puff of frost hits the orc warrior.
The orc warrior shoots a bolt.
The bolt hits you!!
You die...
Your body crumbles into a pile of gold.

##### #...# . #...# ..
######...# .o.
#...##...######. ..
...##...##.......... .....
.o...h....$....# ..#.##
####.........###
.....####...$.5)@......#
..#.......###.####...#.......
#.#..##...# #.# ###.........
#.#.......# #.# ####......
.....##...# #.# #.....
.....##.#.# #.# .....
.##..##.#.###.# ....
.##..##.......#####.# ....
.##.................#


You could see an orc warrior (ally target), a friendly wolf (summoned) and a
friendly white imp (summoned).

Vanquished Creatures
  Grinder (D:5)
  Menkaure (D:7)
  An ice beast (D:7)
  A black bear (D:6)
  A centaur (D:7)
  A kobold brigand (D:6)
  3 hounds
  2 iguanas
  An orc wizard (D:7)
  A gnoll (D:5)
  An adder (D:2)
  A shadow imp (D:5)
  2 white imps
  An adder zombie (D:4)
  A worm (D:3)
  8 orcs
  A bat (D:1)
  An endoplasm (D:3)
  A giant cockroach (D:2)
  2 goblins
  4 hobgoblins
  A quokka (D:5)
  6 ball pythons
  A frilled lizard (D:3)
  8 kobolds
  A quokka zombie (D:4)
  3 rats
56 creatures vanquished.

Vanquished Creatures (collateral kills)
  Sigmund (D:2)
  A water moccasin (Sewer)
  A black bear (D:5)
  Blork the orc (D:6)
  A necrophage (D:6)
  2 scorpions (D:5)
  5 wights
  A howler monkey (D:4)
  A centaur zombie (D:4)
  A bullfrog zombie (D:4)
  5 hounds
  A human zombie (D:4)
  A gnoll bouda (D:6)
  2 jellies
  4 iguanas
  2 orc wizards
  A hound zombie (D:4)
  3 mummies (D:4)
  Robin (D:3)
  16 gnolls
  5 adders
  An ufetubus (D:5)
  An adder zombie (D:4)
  3 worms
  2 dart slugs
  13 orcs
  3 endoplasms
  2 giant cockroaches
  14 goblins
  5 hobgoblins
  4 jackals
  9 kobolds
  A quokka (D:3)
  3 ball pythons
  A bat (D:1)
  3 rats
121 creatures vanquished.

Vanquished Creatures (others)
  A hound (D:5)
  4 plants (D:5)
5 creatures vanquished.

Grand Total: 182 creatures vanquished

Notes
Turn   | Place    | Note
-------+----------+-------------------------------------------
     0 | D:1      | raph the Deep Elf Summoner began the quest for the Orb.
     0 | D:1      | Reached XP level 1. HP: 10/10 MP: 6/6
   362 | D:1      | Reached XP level 2. HP: 15/15 MP: 6/8
   371 | D:1      | Learned a level 2 spell: Call Imp
   416 | D:1      | Reached skill level 5 in Summonings
  1247 | D:2      | Noticed Sigmund
  1457 | D:2      | Found Quima's Weapon Boutique.
  2060 | D:2      | Reached XP level 3. HP: 14/19 MP: 6/9
  2064 | D:2      | Learned a level 3 spell: Call Canine Familiar
  2580 | D:2      | Killed Sigmund
  2581 | D:2      | Reached skill level 1 in Fighting
  2581 | D:2      | Reached skill level 6 in Summonings
  2581 | D:2      | Reached XP level 4. HP: 26/26 MP: 1/12
  2581 | D:2      | Reached XP level 5. HP: 30/30 MP: 1/13
  2720 | D:2      | Identified the +2 leather armour "Atrej" {+Inv Str+6}
  2855 | D:2      | Found a faded altar of an unknown god.
  3036 | D:3      | Learned a level 3 spell: Summon Guardian Golem
  3521 | D:3      | Noticed Robin
  3522 | D:3      | Reached XP level 6. HP: 21/35 MP: 9/14
  3535 | D:3      | Killed Robin
  3951 | D:3      | Learned a level 4 spell: Summon Lightning Spire
  4386 | D:3      | Found a snail-covered altar of Cheibriados.
  4598 | D:4      | Found a staircase to the Ecumenical Temple.
  4630 | Temple   | Entered the Ecumenical Temple
  4637 | Temple   | Became a worshipper of Gozag Ym Sagoz the Greedy
  4874 | D:4      | Reached skill level 5 in Spellcasting
  4878 | D:4      | Reached skill level 1 in Air Magic
  4985 | D:4      | Found Dufabbar's Antique Weapon Emporium.
  5284 | D:4      | Reached XP level 7. HP: 40/40 MP: 12/16
  5693 | D:4      | Reached skill level 7 in Summonings
  5701 | D:4      | Found an ancient bone altar of Kikubaaqudgha.
  5970 | D:4      | Bought a dazzling shortbow for 208 gold pieces
  5970 | D:4      | Identified the +4 shortbow "Foskeg" {flame, rElec rPois
                  | SInv} (You bought it in a shop on level 4 of the Dungeon)
  6153 | D:5      | Entered Level 5 of the Dungeon
  6236 | D:5      | Reached skill level 5 in Dodging
  6508 | D:5      | Learned a level 3 spell: Mephitic Cloud
  6574 | D:5      | Reached XP level 8. HP: 46/46 MP: 15/18
  7006 | D:5      | Noticed Grinder
  7024 | D:5      | Killed Grinder
  7025 | D:5      | Reached skill level 8 in Summonings
  7078 | D:5      | Found an ornate altar of the Wu Jian Council.
  7156 | D:5      | Found a shadowy altar of Dithmenos.
  7331 | D:6      | Reached skill level 1 in Ranged Weapons
  7509 | D:6      | Identified the +9 flail of Ikhlueg {antimagic, rF+}
  7642 | D:6      | Found a glowing drain.
  7642 | D:6      | Noticed Blork the orc
  7646 | D:6      | Killed Blork the orc
  7695 | Sewer    | Entered a sewer
  7920 | D:6      | Reached XP level 9. HP: 45/52 MP: 14/21
  8476 | D:6      | Identified a scroll of acquirement
  8476 | D:6      | Acquired the ring of Egevvyt {Contam rPois EV+4 Str+3}
  8786 | D:7      | Reached skill level 9 in Summonings
  8913 | D:7      | Noticed Menkaure
  8921 | D:7      | Killed Menkaure
  9011 | D:7      | Shot with a bolt by an orc warrior

Illustrated notes

Levels and vault maps discovered:
D:1:      minmay_arrival_five_plusses, layout_basic, amethyst_killhole,
          minmay_strange_pillars
D:2:      layout_loops_cross, hellmonk_ecumenical_altar_leap_of_faith,
          serial_shops, shop, chequers_serial_rivers_small_b, uniq_sigmund
D:3:      layout_basic, chei_slow_surprise, uniq_robin
D:4:      layout_basic, lemuel_mausoleum_altar_kikubaaqudgha,
          minmay_temple_entry_slanted, serial_shops, nicolae_inconvenience_store
D:5:      layout_loops_ring, kennysheep_mini, grunt_dithmenos_smoke_and_mirrors,
          serial_glass, glass_columns_a, glass_columns_a, serial_bayou_pond_b,
          kennysheep_generic_room_12, uniq_grinder
D:6:      dreamdust_elfheim, layout_basic, cheibrodos_sewer_entry_bend,
          uniq_blork_the_orc
D:7:      layout_rooms, marbit_many_paths, uniq_menkaure
Temple:   nicolae_temple_no_exploring_needed

Skill      XL: |  1  2  3  4  5  6  7  8  9 |
---------------+----------------------------+-----
Summonings     | 5 6 7 8 9 |  9.3
Fighting       | 1 2 3 4 |  4.1
Dodging        | 3 4 5 6 |  6.7
Spellcasting   | 4 5 7 |  7.4
Air Magic      | 1 2 3 4 |  4.0
Ranged Weapons | 2 3 |  3.5
Stealth        | |  2.4

Action                   |  1- 3 |  4- 6 |  7- 9 || total
-------------------------+-------+-------+-------++-------
Melee: Short sword       |    39 |    13 |       ||    52
       Unarmed           |     2 |       |       ||     2
       Dagger            |       |    13 |    11 ||    24
 Fire: Shortbow          |       |       |    86 ||    86
 Cast: Summon Small Mamm |    21 |     7 |     4 ||    32
       Call Imp          |    10 |     9 |    19 ||    38
       Call Canine Famil |     4 |    12 |    19 ||    35
       Summon Guardian G |       |     5 |     4 ||     9
       Summon Lightning  |       |       |     1 ||     1
  Use: Scroll            |     2 |     5 |     9 ||    16
 Stab: Sleeping          |     1 |     6 |     2 ||     9
Armor: Leather armour    |    18 |    13 |    24 ||    55
Dodge: Dodged            |    27 |    24 |    51 ||   102
